 Dungeon Crawl Stone Soup version 0.30.0-5-g1a98f26d00 (webtiles) character file.

Game seed: 15379848785803040158

465 monsoonserge the Covered (level 7, -11/54 (56) HPs)
             Began as a Meteoran Artificer on May 11, 2023.
             Mangled by Crazy Yiuf
             ... wielding a +3 quarterstaff of chaos
              (12 damage)
             ... on level 3 of the Dungeon.
             The game lasted 00:14:08 (1507 turns).

monsoonserge the Covered (Meteoran Artificer)       Turns: 1507, Time: 00:14:11

HP:   -11/54 (56)   AC: 13    Str: 12 (15) XL:     7   Next: 55%
MP:   5/8           EV:  4    Int: 10 (13) God:
Gold: 70            SH:  0    Dex: 13 (15) Spells: 6/6 levels left

rFire   + . .        q - +0 spear
rCold   . . .        (no shield)
rNeg    . . .        t - +0 plate armour
rPois   .            (helmet restricted)
rElec   .            m - +0 cloak
rCorr   .            (no gloves)
SInv    .            (no boots)
Will    .....        (no amulet) Stlth
                     u - ring of wizardry
HPRegen 0.29/turn    (no ring)
MPRegen 0.11/turn

%: wizardry (x1)
@: attractive, glowing, lightly drained
A: sense surroundings 1, otherworldly, glowing, explore regen, antennae 1,
hooves 1, fire resistance 1, MP-powered wands
a: no special abilities


You were on level 3 of the Dungeon.
You visited 1 branch of the dungeon, and saw 4 of its levels.

You collected 178 gold pieces.
You spent 108 gold pieces at shops.

Inventory:

Hand Weapons
 a - a +0 club
 q - a +0 spear (weapon)
Missiles
 n - 5 poisoned darts (quivered)
Armour
 b - a +0 leather armour
 f - a +0 chain mail
 m - a +0 cloak (worn)
 t - a +0 plate armour (worn)
Jewellery
 u - a ring of wizardry (left hand)
Wands
 d - a wand of charming (14)
 e - a wand of iceblast (5)
Scrolls
 g - 4 scrolls of teleportation
 h - 2 scrolls of enchant armour {unknown}
 l - a scroll of brand weapon {unknown}
 p - 2 scrolls of identify {unknown}
Potions
 i - a potion of cancellation
 o - a potion of attraction
 r - a potion of curing


   Skills:
 + Level 2.9 Fighting
 + Level 3.2 Maces & Flails
 + Level 3.9 Polearms
 + Level 4.9 Armour
 + Level 2.8 Dodging
 + Level 0.6 Stealth
 + Level 4.5 Evocations


You had 6 spell levels left.
You didn't know any spells.
Your spell library contained the following spells:

 Spells                   Type           Power      Damage    Failure   Level
 Ensorcelled Hibernation  Hex/Ice        0%         N/A       100%        2
 Spider Form              Tmut/Pois      0%         N/A       100%        3
 Anguish                  Hex/Necr       0%         N/A       100%        4


Dungeon Overview and Level Annotations

Branches:
Dungeon (4/15) Zot: 847
 Temple: D:4-7

Altars:

Shops:
D:2 ?

Annotations:
D:3 Crazy Yiuf


Innate Abilities, Weirdness & Mutations

You passively map a small area around you.
You are easily found by Zot.
You glow in the dark.
You regain HP and MP as you explore.
You have a pair of small antennae on your head.
You have large cloven feet.
Your flesh is heat resistant. (rF+)
You expend magic power (3 MP) to strengthen your wands.


Message History

Your magical effects are unravelling.
You feel magically purged.
You feel a little less agile now.
Your resistance to elements expires.
Crazy Yiuf hits you with a +3 quarterstaff of chaos.
* * * LOW HITPOINT WARNING * * *
Crazy Yiuf freezes you.
* * * LOW HITPOINT WARNING * * *
It was a potion of attraction.
You feel attractive to monsters. Crazy Yiuf hits you but does no damage.
You are poisoned.
It was a potion of curing.
You feel better.
Crazy Yiuf sings, "Trees, trees, trees, circus!"
Crazy Yiuf hits you with a +3 quarterstaff of chaos.
* * * LOW HITPOINT WARNING * * *
Crazy Yiuf freezes you.
* * * LOW HITPOINT WARNING * * *
It was a potion of magic.
Magic courses through your body. Crazy Yiuf hits you but does no damage.
It was a potion of mutation.
You feel extremely strange.
You feel resistant to heat.
You feel your magical essence link to the dungeon's wands.
A pair of antennae grows on your head!
Your feet thicken and deform.
Crazy Yiuf hits you with a +3 quarterstaff of chaos.
* * * LOW HITPOINT WARNING * * *
Crazy Yiuf burns you.
* * * LOW HITPOINT WARNING * * *
It was a potion of degeneration.
There was something very wrong with that liquid.
You feel weakened.
You feel dopey.
You feel clumsy.
Crazy Yiuf hits you with a +3 quarterstaff of chaos.
* * * LOW HITPOINT WARNING * * *
Crazy Yiuf freezes you.
* * * LOW HITPOINT WARNING * * *
Aiming: Charm
Press: ? - help, Shift-Dir - straight line, f - Crazy Yiuf
Aim: Crazy Yiuf, wielding a +3 quarterstaff of chaos and wearing a +1 cloak of poison resistance (moderately wounded, chance to affect: 73%)
You feel a surge of power!
Crazy Yiuf struggles to resist.
Crazy Yiuf hits you with a +3 quarterstaff of chaos!
You die...

###..#####...........
#....# #....^......
♣....♣ #..#........
♣...♣♣ #...##......
♣♣.♣♣ #.#..,.#..##
♣.♣♣ #.#### .....
♣♣.♣ #. * #. #. ♣.♣♣
#.* #.##. ♣♣@♣ #.
#...† #g# ###.) ...
#.. #...# , *#..
#..)# * * ### ##### *
#.. #....r * * *
.w.....# * ..#####


You could see Crazy Yiuf.

Vanquished Creatures
  Grinder (D:3)
  Pargi (D:4)
  2 orc priests
  Jessica (D:2)
  Natasha (D:2)
  A worm (D:3)
  A dart slug (D:1)
  4 orcs
  6 endoplasms
  3 giant cockroaches
  7 goblins
  5 hobgoblins
  4 jackals (D:2)
  6 quokkas
  4 ball pythons
  A bat (D:1)
  3 frilled lizards
  3 kobolds
  3 rats
57 creatures vanquished.

Notes
Turn   | Place    | Note
-------+----------+-------------------------------------------
     0 | D:1      | monsoonserge the Meteoran Artificer began the quest for the
                  | Orb.
     0 | D:1      | Reached XP level 1. HP: 16/16 MP: 2/2
    78 | D:1      | Reached XP level 2. HP: 14/23 MP: 3/3
   147 | D:1      | Reached skill level 1 in Maces & Flails
   195 | D:1      | Reached XP level 3. HP: 26/28 MP: 4/4
   320 | D:1      | Found a faded altar of an unknown god.
   567 | D:2      | Found Ulotyru's Magic Scroll Shoppe.
   587 | D:2      | Bought a scroll of teleportation for 36 gold pieces
   587 | D:2      | Bought a scroll of teleportation for 36 gold pieces
   821 | D:2      | Reached XP level 4. HP: 35/35 MP: 5/5
   849 | D:2      | Bought a scroll of teleportation for 36 gold pieces
   888 | D:3      | Noticed Natasha
  1012 | D:3      | Noticed Jessica
  1040 | D:2      | Killed Jessica
  1062 | D:2      | Reached XP level 5. HP: 5/41 MP: 6/6
  1112 | D:2      | Killed Natasha
  1241 | D:3      | Reached skill level 1 in Polearms
  1257 | D:3      | Noticed Grinder
  1274 | D:3      | Paralysed by Grinder for 4 turns
  1283 | D:3      | Killed Grinder
  1284 | D:3      | Reached XP level 6. HP: 6/50 MP: 7/7
  1284 | D:3      | Reached XP level 7. HP: 7/56 MP: 8/8
  1398 | D:4      | Noticed Pargi
  1436 | D:4      | Killed Pargi
  1455 | D:3      | Found a runed translucent door.
  1456 | D:3      | Noticed Crazy Yiuf
  1505 | D:3      | Gained mutation: Your flesh is heat resistant. (rF+)
                  | [potion of mutation]
  1505 | D:3      | Gained mutation: You expend magic power (3 MP) to
                  | strengthen your wands. [potion of mutation]
  1505 | D:3      | Gained mutation: You have a pair of small antennae on your
                  | head. [potion of mutation]
  1505 | D:3      | Gained mutation: You have large cloven feet. [potion of
                  | mutation]
  1506 | D:3      | HP: 2/54 [Crazy Yiuf/+3 quarterstaff of chaos (3)]
  1507 | D:3      | Mangled by Crazy Yiuf

Illustrated notes

Levels and vault maps discovered:
D:1:      lightli_arrival_statue_moat, layout_rooms,
          shapermc_ecumenical_altar_petra
D:2:      layout_basic, serial_shops, shop, minivault_19,
          kennysheep_generic_room_3
D:3:      layout_rooms, uniq_natasha, uniq_grinder, uniq_crazy_yiuf_cottage,
          uniq_jessica
D:4:      layout_loops_ring, uniq_sigmund, uniq_menkaure, uniq_pargi

Skill      XL: |  1  2  3  4  5 |
---------------+----------------+-----
Evocations     | 4 |  4.5
Maces & Flails | 1 2 3 |  3.2
Armour         | 3 4 |  4.9
Dodging        | 2 |  2.8
Polearms       | 3 |  3.9
Fighting       | 2 |  2.9
Stealth        | |  0.6

Action                     |  1- 3 |  4- 6 |  7- 9 || total
---------------------------+-------+-------+-------++-------
  Melee: Club              |   147 |       |       ||   147
         Punch             |     4 |     1 |     3 ||     8
         Spear             |     8 |   115 |    71 ||   194
  Throw: Dart              |       |       |     2 ||     2
  Evoke: Wand              |       |    13 |     3 ||    16
    Use: Potion            |       |       |     6 ||     6
 Armour: Chain mail        |   154 |    65 |       ||   219
         Plate armour      |       |    17 |    88 ||   105
  Dodge: Dodged            |    80 |    54 |    20 ||   154
